Workbook
Name ___sub1: #REF!
Name ___sub2: #REF!
Name ___sub3: #REF!
Name _sub1: #REF!
Name _sub2: #REF!
Name _sub3: #REF!
Name a: #REF!
Name AREA: #REF!
Name B: #REF!
Name BDI: #REF!
Name DOLAR: [1]INSUMOS!$G$8
Name ersdcefgbrnghrbgbrgfbgfwbvbfgvwfv: #REF!
Name Excel_BuiltIn_Print_Area_2: #REF!
Name Excel_BuiltIn_Print_Area_2_1: #REF!
Name Excel_BuiltIn_Print_Area_2_1_1: #REF!
Name Excel_BuiltIn_Print_Area_2_1_1_1: #REF!
Name Excel_BuiltIn_Print_Area_4: #REF!
Name leosde: #REF!
Name NCOMPOSICOES: 7
Name NCOTACOES: 15
Name obra: #REF!
Name obra1: #REF!
Name obra2: #REF!
Name obra3: #REF!
Name obra4: #REF!
Name obra5: #REF!
Name P.1: #REF!
Name P.10: #REF!
Name P.11: #REF!
Name P.12: #REF!
Name P.13: #REF!
Name P.14: #REF!
Name P.15: #REF!
Name P.2: #REF!
Name P.3: #REF!
Name P.4: #REF!
Name P.5: #REF!
Name P.6: #REF!
Name P.7: #REF!
Name P.8: #REF!
Name P.9: #REF!
Name Pedreiro_de_acabamento: [1]INSUMOS!$B$11
Name PP1.1: #REF!
Name PP1.10: #REF!
Name PP1.11: #REF!
Name PP1.12: #REF!
Name PP1.13: #REF!
Name PP1.14: #REF!
Name PP1.15: #REF!
Name PP1.2: #REF!
Name PP1.3: #REF!
Name PP1.4: #REF!
Name PP1.5: #REF!
Name PP1.6: #REF!
Name PP1.7: #REF!
Name PP1.8: #REF!
Name PP1.9: #REF!
Name T.1: #REF!
Name T.10: #REF!
Name T.11: #REF!

Sheet Planilha Orcamentária
A2: PLANILHA ORÇAMENTÁRIA DE CUSTOS
A3: PREFEITURA MUNICIPAL DE INHAPIM-MG | E3: FOLHA N º: | G3: 01/01.
A4: OBRA: PAVIMENTAÇÃO DAS RUAS 1 E RUA 2 QUE DÃO ACESSO A RUA MARIANA A. OLIVEIRA, VILA MARQUES | E4: DATA: | G4: 45855
A5: LOCAL: CÓRREGO VILA MARQUES - INHAPIM/MG - CEP: 35330-000 | E5: FORMA DE EXECUÇÃO:
A6: REGIÃO/MÊS DE REFERÊNCIA: SINAPI 08/2024 - SEM DESONERAÇÃO - SICOR 04/2024 - | E6: ( ) | F6: DIRETA | G6: ( X ) | H6: INDIRETA
A7: COMPOSIÇÃO/DEMONSTRATIVO DE BDI - EM ANEXO | E7: % ISS MUNICIPAL: | F7: 0.05 | G7: BDI: | H7: =BDI!D28 -> 0.2443
A9: ITEM | B9: CÓDIGO | C9: DESCRIÇÃO | D9: UNIDADE | E9: QUANTIDADE | F9: PREÇO UNITÁRIO S/ BDI | G9: PREÇO UNITÁRIO C/ BDI | H9: PREÇO TOTAL
A10: 1.0 | C10: RUA 01 | H10: =SUM(H11+H13+H18+H27) -> 142838.93
A11: 1.1 | C11: SERVIÇOS PRELIMINARES | H11: =H12 -> 1438.65
A12: 1.1.1 | B12: SINAPI-103689 | C12: FORNECIMENTO E COLOCAÇÃO DE PLACA DE OBRA EM CHAPA GALVANIZADA #26, ESP. 0,45MM, DIMENSÃO (3X1,5)M, PLOTADA COM ADESIVO VINÍLICO, AFIXADA COM REBITES 4,8X40MM, EM ESTRUTURA METÁLICA DE METALON 20X20MM, ESP. 1,25MM, INCLUSIVE SUPORTE EM EUCALIPTO AUTOCLAVADO PINTADO COM TINTA PVA DUAS (2) DEMÃOS | D12: M² | E12: 1 | F12: 1156.19 | G12: =ROUND(F12+(F12*$H$7),2) -> 1438.65 | H12: =E12*G12 -> 1438.65
A13: 1.2 | C13: REDE DE ESGOTO | H13: =SUM(H14:H17) -> 10492.6
A14: 1.2.1 | B14: ED-51107 | C14: ESCAVAÇÃO MANUAL DE VALA COM PROFUNDIDADE MENOR OU IGUAL A 1,5M, INCLUSIVE DESCARGA LATERAL | D14: M³ | E14: 24.42 | F14: 77.29 | G14: =ROUND(F14+(F14*$H$7),2) -> 96.17 | H14: =E14*G14 -> 2348.4714
A15: 1.2.2 | B15: ED-50105 | C15: FORNECIMENTO E ASSENTAMENTO DE TUBO PVC RÍGIDO, COLETOR DE ESGOTO LISO (JEI), DN 100 MM (4"), INCLUSIVE CONEXÕES | D15: M | E15: 122.14 | F15: 34.09 | G15: =ROUND(F15+(F15*$H$7),2) -> 42.42 | H15: =E15*G15 -> 5181.1788
A16: 1.2.3 | B16: ED-98050 | C16: CHAMINÉ CIRCULAR PARA POÇO DE VISITA PARA ESGOTO, EM CONCRETO PRÉ-MOLDADO, DIÂMETRO INTERNO = 0,6 M. AF_12/2020 | D16: M | E16: 3 | F16: 265.33 | G16: =ROUND(F16+(F16*$H$7),2) -> 330.15 | H16: =E16*G16 -> 990.45
A17: 1.2.4 | B17: ED-98114 | C17: TAMPA CIRCULAR PARA ESGOTO E DRENAGEM, EM FERRO FUNDIDO, DIÂMETRO INTERNO = 0,6 M. AF_12/2020 | D17: UND | E17: ='Memória de Cálculo'!E15 -> 3 | F17: 528.41 | G17: =ROUND(F17+(F17*$H$7),2) -> 657.5 | H17: =E17*G17 -> 1972.5
A18: 1.3 | C18: REDE PLUVIAL | H18: =SUM(H19:H26) -> 16838.155
A19: 1.3.1 | B19: SINAPI-90106 | C19: ESCAVAÇÃO MECANIZADA DE VALA COM PROFUNDIDADE ATÉ 1,5 M (MÉDIA MONTANTE E JUSANTE/UMA COMPOSIÇÃO POR TRECHO), RETROESCAV. (0,26 M3), LARGURA DE 0,8 M A 1,5 M, EM SOLO DE 1A CATEGORIA, LOCAIS COM BAIXO NÍVEL DE INTERFERÊNCIA. AF_02/2021 | D19: M3 | E19: 14.16 | F19: 7.62 | G19: =ROUND(F19+(F19*$H$7),2) -> 9.48 | H19: =E19*G19 -> 134.2368
A20: 1.3.2 | B20: SINAPI-101616 | C20: PREPARO DE FUNDO DE VALA COM LARGURA MENOR QUE 1,5 M (ACERTO DO SOLO NATURAL). AF_08/2020 | D20: M2 | E20: 9.44 | F20: 6.26 | G20: =ROUND(F20+(F20*$H$7),2) -> 7.79 | H20: =E20*G20 -> 73.5376
A21: 1.3.3 | B21: SINAPI-94974 | C21: CONCRETO MAGRO PARA LASTRO, TRAÇO 1:4,5:4,5 (EM MASSA SECA DE CIMENTO/ AREIA MÉDIA/ BRITA 1) - PREPARO MANUAL. AF_05/2021 | D21: M3 | E21: 0.47 | F21: 482.01 | G21: =ROUND(F21+(F21*$H$7),2) -> 599.77 | H21: =E21*G21 -> 281.8919
A22: 1.3.4 | B22: SINAPI-92212 | C22: TUBO DE CONCRETO PARA REDES COLETORAS DE ÁGUAS PLUVIAIS, DIÂMETRO DE 600 MM, JUNTA RÍGIDA, INSTALADO EM LOCAL COM BAIXO NÍVEL DE INTERFERÊNCIAS - FORNECIMENTO E ASSENTAMENTO. AF_12/2015 | D22: M | E22: 4 | F22: 279.91 | G22: =ROUND(F22+(F22*$H$7),2) -> 348.29 | H22: =E22*G22 -> 1393.16
A23: 1.3.5 | B23: SINAPI-92210 | C23: TUBO DE CONCRETO PARA REDES COLETORAS DE ÁGUAS PLUVIAIS, DIÂMETRO DE 400 MM, JUNTA RÍGIDA, INSTALADO EM LOCAL COM BAIXO NÍVEL DE INTERFERÊNCIAS - FORNECIMENTO E ASSENTAMENTO. AF_12/2015 | D23: M | E23: 17 | F23: 150.62 | G23: =ROUND(F23+(F23*$H$7),2) -> 187.42 | H23: =E23*G23 -> 3186.14
A24: 1.3.6 | B24: SINAPI-93378 | C24: REATERRO MECANIZADO DE VALA COM RETROESCAVADEIRA (CAPACIDADE DA CAÇAMBA DA RETRO: 0,26 M³ / POTÊNCIA: 88 HP), LARGURA ATÉ 0,8 M, PROFUNDIDADE ATÉ 1,5 M, COM SOLO DE 1ª CATEGORIA EM LOCAIS COM BAIXO NÍVEL DE INTERFERÊNCIA. AF_04/2016 | D24: M3 | E24: 6.608 | F24: 24.77 | G24: =ROUND(F24+(F24*$H$7),2) -> 30.82 | H24: =E24*G24 -> 203.65856
A25: 1.3.7 | B25: COMPOSIÇÃO 002 | C25: BOCA DE LOBO SIMPLES (TIPO A - FERRO FUNDIDO), QUADRO E GRELHA, INCLUSIVE ESCAVAÇÃO, REATERRO E BOTA-FORA | D25: UNID | E25: 3 | F25: =COMPOSIÇÃO!G18 -> 2369.4323 | G25: =ROUND(F25+(F25*$H$7),2) -> 2948.28 | H25: =E25*G25 -> 8844.84
A26: 1.3.8 | B26: SINAPI-102738 | C26: BOCA PARA BUEIRO SIMPLES TUBULAR D = 60 CM EM CONCRETO, ALAS COM ESCONSIDA DE 0°, INCLUINDO FÔRMAS E MATERIAIS. AF_07/2021 | D26: UNID | E26: 1 | F26: 2186.52 | G26: =ROUND(F26+(F26*$H$7),2) -> 2720.69 | H26: =E26*G26 -> 2720.69
A27: 1.4 | C27: CALÇAMENTO DE VIA | G27: =ROUND(F27+(F27*$H$7),2) -> 0 | H27: =SUM(H28:H34) -> 114069.52
A28: 1.4.1 | B28: ED-51124 | C28: REGULARIZAÇÃO E COMPACTAÇÃO MECÂNICA DE TERRENO COM ROLO VIBRATÓRIO, EXCLUSIVE DESMATAMENTO, DESTOCAMENTO, LIMPEZA/ROÇADA DO TERRENO | D28: M2 | E28: ='Memória de Cálculo'!E26 -> 769.62 | F28: 2.87 | G28: =ROUND(F28+(F28*$H$7),2) -> 3.57 | H28: =ROUND((E28*G28),2) -> 2747.54
A29: 1.4.2 | B29: ED-51143 | C29: REMOÇÃO E REASSENTAMENTO DE MEIO-FIO DE GNAISSE COM REAPROVEITAMENTO | D29: M | E29: ='Memória de Cálculo'!E27 -> 92.58 | F29: 65.35 | G29: =ROUND(F29+(F29*$H$7),2) -> 81.32 | H29: =ROUND((E29*G29),2) -> 7528.61
A30: 1.4.3 | B30: SINAPI-94273 | C30: ASSENTAMENTO DE GUIA (MEIO-FIO) EM TRECHO RETO, CONFECCIONADA EM CONCRETO PRÉ-FABRICADO, DIMENSÕES 100X15X13X30 CM (COMPRIMENTO X BASE INFERIOR X BASE SUPERIOR X ALTURA), PARA VIAS URBANAS (USO VIÁRIO). AF_06/2016 | D30: M | E30: ='Memória de Cálculo'!E28 -> 64.36 | F30: 64.36 | G30: =ROUND(F30+(F30*$H$7),2) -> 80.08 | H30: =ROUND((E30*G30),2) -> 5153.95
A31: 1.4.4 | B31: SINAPI-92394 | C31: EXECUÇÃO DE PAVIMENTO EM PISO INTERTRAVADO, COM BLOCO SEXTAVADO DE 25 X 25 CM, ESPESSURA 8 CM. AF_10/2022 | D31: M² | E31: ='Memória de Cálculo'!E29 -> 623.42 | F31: 101.61 | G31: =ROUND(F31+(F31*$H$7),2) -> 126.43 | H31: =ROUND((E31*G31),2) -> 78818.99
A32: 1.4.5 | B32: SINAPI-94287 | C32: EXECUÇÃO DE SARJETA DE CONCRETO USINADO, MOLDADA IN LOCO EM TRECHO RETO, 30 CM BASE X 10 CM ALTURA. AF_06/2016 | D32: M | E32: ='Memória de Cálculo'!E30 -> 250.31 | F32: 35.36 | G32: =ROUND(F32+(F32*$H$7),2) -> 44 | H32: =ROUND((E32*G32),2) -> 11013.64
A33: 1.4.6 | B33: SINAPI-95429 | C33: TRANSPORTE COM CAMINHÃO BASCULANTE DE 18 M³, EM VIA URBANA EM REVESTIMENTO PRIMÁRIO. AF_07/2020 | D33: TXKM | E33: ='Memória de Cálculo'!E31 -> 1316.66 | F33: 1.37 | G33: =ROUND(F33+(F33*$H$7),2) -> 1.7 | H33: =ROUND((E33*G33),2) -> 2238.32
A34: 1.4.7 | B34: COMPOSIÇÃO-001 | C34: VIGA EM CONCRETO ARMADO (1,0M) | D34: M | E34: ='Memória de Cálculo'!E32 -> 43.52 | F34: =COMPOSIÇÃO!G11 -> 121.29719 | G34: =ROUND(F34+(F34*$H$7),2) -> 150.93 | H34: =ROUND((E34*G34),2) -> 6568.47
A35: 2.0 | C35: RUA 02 | H35: =H36 -> 41786.26
A36: 2.1 | C36: CALÇAMENTO DE VIA | G36: =ROUND(F36+(F36*$H$7),2) -> 0 | H36: =SUM(H37:H42) -> 41786.26
A37: 1.2.1 | B37: ED-51124 | C37: REGULARIZAÇÃO E COMPACTAÇÃO MECÂNICA DE TERRENO COM ROLO VIBRATÓRIO, EXCLUSIVE DESMATAMENTO, DESTOCAMENTO, LIMPEZA/ROÇADA DO TERRENO | D37: M2 | E37: ='Memória de Cálculo'!E35 -> 242.04 | F37: 2.87 | G37: =ROUND(F37+(F37*$H$7),2) -> 3.57 | H37: =ROUND((E37*G37),2) -> 864.08
A38: 1.2.2 | B38: SINAPI-94273 | C38: ASSENTAMENTO DE GUIA (MEIO-FIO) EM TRECHO RETO, CONFECCIONADA EM CONCRETO PRÉ-FABRICADO, DIMENSÕES 100X15X13X30 CM (COMPRIMENTO X BASE INFERIOR X BASE SUPERIOR X ALTURA), PARA VIAS URBANAS (USO VIÁRIO). AF_06/2016 | D38: M | E38: ='Memória de Cálculo'!E36 -> 120.3 | F38: 64.36 | G38: =ROUND(F38+(F38*$H$7),2) -> 80.08 | H38: =ROUND((E38*G38),2) -> 9633.62
A39: 1.2.3 | B39: SINAPI-92394 | C39: EXECUÇÃO DE PAVIMENTO EM PISO INTERTRAVADO, COM BLOCO SEXTAVADO DE 25 X 25 CM, ESPESSURA 8 CM. AF_10/2022 | D39: M² | E39: ='Memória de Cálculo'!E37 -> 186.68 | F39: 101.61 | G39: =ROUND(F39+(F39*$H$7),2) -> 126.43 | H39: =ROUND((E39*G39),2) -> 23601.95
A40: 1.2.4 | B40: SINAPI-94287 | C40: EXECUÇÃO DE SARJETA DE CONCRETO USINADO, MOLDADA IN LOCO EM TRECHO RETO, 30 CM BASE X 10 CM ALTURA. AF_06/2016 | D40: M | E40: ='Memória de Cálculo'!E38 -> 120.3 | F40: 35.36 | G40: =ROUND(F40+(F40*$H$7),2) -> 44 | H40: =ROUND((E40*G40),2) -> 5293.2
A41: 1.2.5 | B41: SINAPI-95429 | C41: TRANSPORTE COM CAMINHÃO BASCULANTE DE 18 M³, EM VIA URBANA EM REVESTIMENTO PRIMÁRIO. AF_07/2020 | D41: TXKM | E41: ='Memória de Cálculo'!E39 -> 511.19 | F41: 1.37 | G41: =ROUND(F41+(F41*$H$7),2) -> 1.7 | H41: =ROUND((E41*G41),2) -> 869.02
A42: 1.2.6 | B42: COMPOSIÇÃO-001 | C42: VIGA EM CONCRETO ARMADO (1,0M) | D42: M | E42: ='Memória de Cálculo'!E40 -> 10.1 | F42: 121.3 | G42: =ROUND(F42+(F42*$H$7),2) -> 150.93 | H42: =ROUND((E42*G42),2) -> 1524.39
C43: TOTAL | H43: =SUM(H10+H35) -> 184625.19
C46: ='Memória de Cálculo'!C43 -> Sebastião Barbosa Pinto Filho
C47: ='Memória de Cálculo'!C44 -> CREA/MG Nº: MG 249.547/D
C50: Prefeito Municipal de Inhapim-MG
C51: ='Memória de Cálculo'!C49 -> Sandro Adriano Oliveira Silva

Sheet COMPOSIÇÃO
A4: ='Planilha Orcamentária'!A4 -> OBRA: PAVIMENTAÇÃO DAS RUAS 1 E RUA 2 QUE DÃO ACESSO A RUA MARIANA A. OLIVEIRA, VILA MARQUES
A5: ='Planilha Orcamentária'!A5 -> LOCAL: CÓRREGO VILA MARQUES - INHAPIM/MG - CEP: 35330-000
A6: MUNICIPIO: INHAPIM/MG - CEP: 35330-000
A7: DATA: | B7: 45855
A9: QUADRO DE COMPOSIÇÕES
A11: COMPOSIÇÃO | B11: 1 | C11: VIGA EM CONCRETO ARMADO (1,0M) | D11: M | F11: 0 | G11: =((G12*E12)+(G13*E13)+(G14*E14)+(G15*E15)+(G16*E16)) -> 121.29719
A12: SINAPI | B12: 94970 | C12: CONCRETO FCK = 20MPA, TRAÇO 1:2,7:3 (EM MASSA SECA DE CIMENTO/ AREIA MÉDIA/ BRITA 1) - PREPARO MECÂNICO COM BETONEIRA 600 L. AF_05/2021 | D12: M3 | E12: 0.063 | F12: 0 | G12: 532.08
A13: SINAPI | B13: 93358 | C13: ESCAVAÇÃO MANUAL DE VALA COM PROFUNDIDADE MENOR OU IGUAL A 1,30 M. AF_02/2021 | D13: M3 | E13: 0.063 | F13: 0 | G13: 89.55
A14: SINAPI | B14: 92802 | C14: CORTE E DOBRA DE AÇO CA-50, DIÂMETRO DE 8,0 MM. AF_06/2022 | D14: KG | E14: 2.212 | F14: 0 | G14: 9.45
A15: SINAPI | B15: 92800 | C15: CORTE E DOBRA DE AÇO CA-60, DIÂMETRO DE 5,0 MM. AF_06/2022 | D15: KG | E15: 1.078 | F15: 0 | G15: 9.65
A16: SINAPI | B16: 103796 | C16: FABRICAÇÃO, MONTAGEM E DESMONTAGEM DE FÔRMA PARA BACIA DE DISSIPAÇÃO, EM MADEIRA SERRADA, E = 25 MM, 2 UTILIZAÇÕES. AF_08/2022 | D16: M2 | E16: 0.84 | F16: 0 | G16: 60.51
A18: COMPOSIÇÃO | B18: 002 | C18: BOCA DE LOBO SIMPLES (TIPO A - FERRO FUNDIDO), QUADRO E GRELHA, INCLUSIVE ESCAVAÇÃO, REATERRO E BOTA-FORA | D18: UND | F18: 0 | G18: =((E19*G19)+(E20*G20)+(E21*G21)+(E22*G22)+(E23*G23)+(E24*G24)+(E25*G25)+(E26*G26)+(E27*G27)+(E28*G28)+(E29*G29)) -> 2369.4323
A19: SETOP | B19: MATED12826 | C19: CONJUNTO QUADRO E GRELHA DE FERRO FUNDIDO P=199KG PARA BOCA DE LOBO | D19: UND | E19: 1 | F19: 0 | G19: 1194.5933
A20: SETOP | B20: ED-48228 | C20: ALVENARIA DE VEDAÇÃO COM TIJOLO MACIÇO REQUEIMADO, ESP. 20CM, PARA REVESTIMENTO, INCLUSIVE ARGAMASSA PARA ASSENTAMENTO | D20: M2 | E20: 3 | F20: 0 | G20: 260.66
A21: SETOP | B21: ED-48302 | C21: ARGAMASSA, TRAÇO 1:3 ( CIMENTO E AREIA), PREPARO MECÂNICO | D21: M3 | E21: 0.05 | F21: 0 | G21: 672.15
A22: SETOP | B22: ED-51132 | C22: CARGA MECÂNICA DE MATERIAL DE QUALQUER NATUREZA SOBRE CAMINHÃO, EXCLUSIVE TRANSPORTE | D22: M3 | E22: 1.5 | F22: 0 | G22: 3.02
A23: SETOP | B23: ED-48317 | C23: CONCRETO ESTRUTURAL, PREPARADO EM OBRA COM BETONEIRA, CONTROLE "B", COM FCK 20MPA, BRITA Nº (1 E 2), CONSISTÊNCIA PARA VIBRAÇÃO (FABRICAÇÃO) | D23: M3 | E23: 0.15 | F23: 0 | G23: 610.47
A24: SETOP | B24: ED-51107 | C24: ESCAVAÇÃO MANUAL DE VALA COM PROFUNDIDADE MENOR OU IGUAL A 1,5M, INCLUSIVE DESCARGA LATERAL | D24: M3 | E24: 1.5 | F24: 0 | G24: 77.29
A25: SETOP | B25: ED-49810 | C25: FÔRMA E DESFORMA DE TÁBUA E SARRAFO, REAPROVEITAMENTO (3X) ( FUNDAÇÃO) | D25: M2 | E25: 0.15 | F25: 0 | G25: 79.68
A26: SETOP | B26: ED-50381 | C26: PEDREIRO COM ENCARGOS COMPLEMENTARES | D26: HORA | E26: 2 | F26: 0 | G26: 31.22
A27: SETOP | B27: ED-50367 | C27: SERVENTE COM ENCARGOS COMPLEMENTARES | D27: HORA | E27: 2 | F27: 0 | G27: 22.66
A28: SETOP | B28: ED-29229 | C28: TRANSPORTE DE MATERIAL DE QUALQUER NATUREZA EM CAMINHÃO, DISTÂNCIA MENOR OU IGUAL A 1KM, DENTRO DO PERÍMETRO URBANO, EXCLUSIVE CARGA , INCLUSIVE DESCARGA | D28: M3 | E28: 1.5 | F28: 0 | G28: 6.28
A29: SETOP | B29: ED-48324 | C29: TRANSPORTE, LANÇAMENTO E ADENSAMENTO DE CONCRETO EM RADIER, PISO OU ELEMENTO PRÉMOLDADO, INCLUSIVE ACABAMENTO | D29: M3 | E29: 0.15 | F29: 0 | G29: 120.56
A33: _________________________________
A34: Sebastião Barbosa Pinto Filho
A35: CREA/MG Nº: MG 249.547/D

Sheet Memória de Cálculo
A2: MEMÓRIA DE CÁLCULO DE QUANTITATIVOS
A3: PREFEITURA MUNICIPAL DE INHAPIM-MG
A4: ='Planilha Orcamentária'!A4 -> OBRA: PAVIMENTAÇÃO DAS RUAS 1 E RUA 2 QUE DÃO ACESSO A RUA MARIANA A. OLIVEIRA, VILA MARQUES | E4: FOLHA N º: | F4: 01/01.
A5: ='Planilha Orcamentária'!A5 -> LOCAL: CÓRREGO VILA MARQUES - INHAPIM/MG - CEP: 35330-000 | E5: DATA: | F5: 45855
A7: ITEM | B7: CÓDIGO | C7: DESCRIÇÃO | D7: UNIDADE | E7: QUANTIDADE | F7: FÓRMULA DO CÁLCULO
A8: 1.0 | C8: RUA 01
A9: 1.1 | C9: ='Planilha Orcamentária'!C11 -> SERVIÇOS PRELIMINARES
A10: 1.1.1 | B10: ='Planilha Orcamentária'!B12 -> SINAPI-103689 | C10: ='Planilha Orcamentária'!C12 -> FORNECIMENTO E COLOCAÇÃO DE PLACA DE OBRA EM CHAPA GALVANIZADA #26, ESP. 0,45MM, DIMENSÃO (3X1,5)M, PLOTADA COM ADESIVO VINÍLICO, AFIXADA COM REBITES 4,8X40MM, EM ESTRUTURA METÁLICA DE METALON 20X20MM, ESP. 1,25MM, INCLUSIVE SUPORTE EM EUCALIPTO AUTOCLAVADO PINTADO COM TINTA PVA DUAS (2) DEMÃOS | D10: ='Planilha Orcamentária'!D12 -> M² | E10: ='Planilha Orcamentária'!E12 -> 1 | F10: placa de obra de acordo com as exisgências do CREA-MG
A11: 1.2 | C11: ='Planilha Orcamentária'!C13 -> REDE DE ESGOTO
A12: 1.2.1 | B12: ='Planilha Orcamentária'!B28 -> ED-51124 | C12: ='Planilha Orcamentária'!C14 -> ESCAVAÇÃO MANUAL DE VALA COM PROFUNDIDADE MENOR OU IGUAL A 1,5M, INCLUSIVE DESCARGA LATERAL | D12: ='Planilha Orcamentária'!D14 -> M³ | E12: 24.43 | F12: [(Comprimento da tubulação x (Ø externo do tubo + 0,30)] x Altura da escavação = [(122,14x (0,10 + 0,30)0,50)] = 13,90 m³
A13: 1.2.2 | B13: ='Planilha Orcamentária'!B15 -> ED-50105 | C13: ='Planilha Orcamentária'!C15 -> FORNECIMENTO E ASSENTAMENTO DE TUBO PVC RÍGIDO, COLETOR DE ESGOTO LISO (JEI), DN 100 MM (4"), INCLUSIVE CONEXÕES | D13: ='Planilha Orcamentária'!D15 -> M | E13: 122.14 | F13: Conforme projeto em AutoCad = 122,14 UND
A14: 1.2.3 | B14: ='Planilha Orcamentária'!B16 -> ED-98050 | C14: ='Planilha Orcamentária'!C16 -> CHAMINÉ CIRCULAR PARA POÇO DE VISITA PARA ESGOTO, EM CONCRETO PRÉ-MOLDADO, DIÂMETRO INTERNO = 0,6 M. AF_12/2020 | D14: ='Planilha Orcamentária'!D16 -> M | E14: 3 | F14: Conforme projeto em AutoCad = 3 UND
A15: 1.2.4 | B15: ED-98114 | C15: TAMPA CIRCULAR PARA ESGOTO E DRENAGEM, EM FERRO FUNDIDO, DIÂMETRO INTERNO = 0,6 M. AF_12/2020 | D15: UND | E15: 3 | F15: Conforme projeto em AutoCad = 3 UND
A16: 1.3 | C16: REDE PLUVIAL
A17: 1.3.1 | B17: SINAPI-90106 | C17: ESCAVAÇÃO MECANIZADA DE VALA COM PROFUNDIDADE ATÉ 1,5 M (MÉDIA MONTANTE E JUSANTE/UMA COMPOSIÇÃO POR TRECHO), RETROESCAV. (0,26 M3), LARGURA DE 0,8 M A 1,5 M, EM SOLO DE 1A CATEGORIA, LOCAIS COM BAIXO NÍVEL DE INTERFERÊNCIA. AF_02/2021 | D17: M3 | E17: 26.4 | F17: [(Comprimento da tubulação x (Ø externo do tubo + 0,30)] x Altura da escavação = [(17,00x (0,50 + 0,30)1,5)+(4,00x(0,70+0,30)1,5)] = 26,40 m³
A18: 1.3.2 | B18: SINAPI-101616 | C18: PREPARO DE FUNDO DE VALA COM LARGURA MENOR QUE 1,5 M (ACERTO DO SOLO NATURAL). AF_08/2020 | D18: M2 | E18: 18.9 | F18: Largura de escavação x Comprimento de tubulação + Área da vala existente = (0,9 x21,00) = 18,90 m²
A19: 1.3.3 | B19: SINAPI-94974 | C19: CONCRETO MAGRO PARA LASTRO, TRAÇO 1:4,5:4,5 (EM MASSA SECA DE CIMENTO/ AREIA MÉDIA/ BRITA 1) - PREPARO MANUAL. AF_05/2021 | D19: M3 | E19: 0.82 | F19: (Ø int. do tubo x Comprimento da tubulação x Altura do lastro) = [(0,5 x 17,00 x 0,07)+(0,8 x 4,00 x 0,07] = 0,82 m³
A20: 1.3.4 | B20: SINAPI-92212 | C20: TUBO DE CONCRETO PARA REDES COLETORAS DE ÁGUAS PLUVIAIS, DIÂMETRO DE 600 MM, JUNTA RÍGIDA, INSTALADO EM LOCAL COM BAIXO NÍVEL DE INTERFERÊNCIAS - FORNECIMENTO E ASSENTAMENTO. AF_12/2015 | D20: M | E20: ='Planilha Orcamentária'!E22 -> 4 | F20: Comprimeto dos trechos especificados no Projeto de drenagem = 14m
A21: 1.3.5 | B21: SINAPI-92210 | C21: TUBO DE CONCRETO PARA REDES COLETORAS DE ÁGUAS PLUVIAIS, DIÂMETRO DE 400 MM, JUNTA RÍGIDA, INSTALADO EM LOCAL COM BAIXO NÍVEL DE INTERFERÊNCIAS - FORNECIMENTO E ASSENTAMENTO. AF_12/2015 | D21: M | E21: ='Planilha Orcamentária'!E23 -> 17 | F21: Comprimeto dos trechos especificados no Projeto de drenagem = 14m
A22: 1.3.6 | B22: SINAPI-93378 | C22: REATERRO MECANIZADO DE VALA COM RETROESCAVADEIRA (CAPACIDADE DA CAÇAMBA DA RETRO: 0,26 M³ / POTÊNCIA: 88 HP), LARGURA ATÉ 0,8 M, PROFUNDIDADE ATÉ 1,5 M, COM SOLO DE 1ª CATEGORIA EM LOCAIS COM BAIXO NÍVEL DE INTERFERÊNCIA. AF_04/2016 | D22: M3 | E22: 21.05 | F22: Volume de escavação - Volume da Tubulação + Reaterro de Vala Existente = 26,40 m³ - [(π x 0,5²/4 x17,00)+(π x 0,8²/4 x4,00)] = 21,05m³
A23: 1.3.7 | B23: COMPOSIÇÃO 002 | C23: BOCA DE LOBO SIMPLES (TIPO A - FERRO FUNDIDO), QUADRO E GRELHA, INCLUSIVE ESCAVAÇÃO, REATERRO E BOTA-FORA | D23: UNID | E23: ='Planilha Orcamentária'!E25 -> 3 | F23: Conforme projeto em AutoCad = 4 UND
A24: 1.3.9 | B24: SINAPI-102738 | C24: BOCA PARA BUEIRO SIMPLES TUBULAR D = 60 CM EM CONCRETO, ALAS COM ESCONSIDA DE 0°, INCLUINDO FÔRMAS E MATERIAIS. AF_07/2021 | D24: UNID | E24: ='Planilha Orcamentária'!E26 -> 1 | F24: Conforme projeto em AutoCad = 4 UND
A25: 1.4 | C25: ='Planilha Orcamentária'!C27 -> CALÇAMENTO DE VIA
A26: ='Planilha Orcamentária'!A28 -> 1.4.1 | B26: ED-51124 | C26: REGULARIZAÇÃO E COMPACTAÇÃO MECÂNICA DE TERRENO COM ROLO VIBRATÓRIO, EXCLUSIVE DESMATAMENTO, DESTOCAMENTO, LIMPEZA/ROÇADA DO TERRENO | D26: M2 | E26: 769.62 | F26: Somatória total de acordo com o projeto = 769,62 m
A27: ='Planilha Orcamentária'!A30 -> 1.4.3 | B27: ED-51143 | C27: REMOÇÃO E REASSENTAMENTO DE MEIO-FIO DE GNAISSE COM REAPROVEITAMENTO | D27: ='Planilha Orcamentária'!D29 -> M | E27: 92.58 | F27: Somatória de acordo com o projeto = 92,58 m
A28: ='Planilha Orcamentária'!A31 -> 1.4.4 | B28: ='Planilha Orcamentária'!B30 -> SINAPI-94273 | C28: ='Planilha Orcamentária'!C30 -> ASSENTAMENTO DE GUIA (MEIO-FIO) EM TRECHO RETO, CONFECCIONADA EM CONCRETO PRÉ-FABRICADO, DIMENSÕES 100X15X13X30 CM (COMPRIMENTO X BASE INFERIOR X BASE SUPERIOR X ALTURA), PARA VIAS URBANAS (USO VIÁRIO). AF_06/2016 | D28: ='Planilha Orcamentária'!D30 -> M | E28: 64.36 | F28: Somatória dos meios-fios (bordas) = 64,36 m
A29: ='Planilha Orcamentária'!A32 -> 1.4.5 | B29: ='Planilha Orcamentária'!B31 -> SINAPI-92394 | C29: ='Planilha Orcamentária'!C31 -> EXECUÇÃO DE PAVIMENTO EM PISO INTERTRAVADO, COM BLOCO SEXTAVADO DE 25 X 25 CM, ESPESSURA 8 CM. AF_10/2022 | D29: ='Planilha Orcamentária'!D31 -> M² | E29: 623.42 | F29: Conforme projeto em AutoCad = 623,42 m²
A30: ='Planilha Orcamentária'!A33 -> 1.4.6 | B30: ='Planilha Orcamentária'!B32 -> SINAPI-94287 | C30: ='Planilha Orcamentária'!C32 -> EXECUÇÃO DE SARJETA DE CONCRETO USINADO, MOLDADA IN LOCO EM TRECHO RETO, 30 CM BASE X 10 CM ALTURA. AF_06/2016 | D30: ='Planilha Orcamentária'!D32 -> M | E30: 250.31 | F30: Somatória total de acordo com o projeto = 314,23 m
A31: ='Planilha Orcamentária'!A34 -> 1.4.7 | B31: ='Planilha Orcamentária'!B33 -> SINAPI-95429 | C31: ='Planilha Orcamentária'!C33 -> TRANSPORTE COM CAMINHÃO BASCULANTE DE 18 M³, EM VIA URBANA EM REVESTIMENTO PRIMÁRIO. AF_07/2020 | D31: ='Planilha Orcamentária'!D33 -> TXKM | E31: 1316.66 | F31: Peso do bloquete = (Área do calçamento x espessura do bloquete x massa específica) 1000 x km; Peso do meio-fio = {[(B+b)/2xhxH] x massa específica}/1000 x km; [(623,42x0,08x2400)/1000]x11 = 1.316,66 TXKM
A32: ='Planilha Orcamentária'!A35 -> 2.0 | B32: ='Planilha Orcamentária'!B34 -> COMPOSIÇÃO-001 | C32: ='Planilha Orcamentária'!C34 -> VIGA EM CONCRETO ARMADO (1,0M) | D32: ='Planilha Orcamentária'!D34 -> M | E32: 43.52 | F32: Somatório das vigas de travamento =17,02 m
A33: 2.0 | C33: ='Planilha Orcamentária'!C35 -> RUA 02
A34: 2.1 | C34: ='Planilha Orcamentária'!C36 -> CALÇAMENTO DE VIA
A35: 2.1.1 | B35: ED-51124 | C35: REGULARIZAÇÃO E COMPACTAÇÃO MECÂNICA DE TERRENO COM ROLO VIBRATÓRIO, EXCLUSIVE DESMATAMENTO, DESTOCAMENTO, LIMPEZA/ROÇADA DO TERRENO | D35: M2 | E35: 242.04 | F35: Somatória total de acordo com o projeto = 242,04 m
A36: 2.1.2 | B36: SINAPI-94273 | C36: ASSENTAMENTO DE GUIA (MEIO-FIO) EM TRECHO RETO, CONFECCIONADA EM CONCRETO PRÉ-FABRICADO, DIMENSÕES 100X15X13X30 CM (COMPRIMENTO X BASE INFERIOR X BASE SUPERIOR X ALTURA), PARA VIAS URBANAS (USO VIÁRIO). AF_06/2016 | D36: M | E36: 120.3 | F36: Somatória dos meios-fios (bordas) = 120,30 m
A37: 2.1.3 | B37: SINAPI-92394 | C37: EXECUÇÃO DE PAVIMENTO EM PISO INTERTRAVADO, COM BLOCO SEXTAVADO DE 25 X 25 CM, ESPESSURA 8 CM. AF_10/2022 | D37: M² | E37: 186.68 | F37: Conforme projeto em AutoCad = 186,68 m²
A38: 2.1.4 | B38: SINAPI-94287 | C38: EXECUÇÃO DE SARJETA DE CONCRETO USINADO, MOLDADA IN LOCO EM TRECHO RETO, 30 CM BASE X 10 CM ALTURA. AF_06/2016 | D38: M | E38: 120.3 | F38: Somatória total de acordo com o projeto = 120,30 m
A39: 2.1.5 | B39: SINAPI-95429 | C39: TRANSPORTE COM CAMINHÃO BASCULANTE DE 18 M³, EM VIA URBANA EM REVESTIMENTO PRIMÁRIO. AF_07/2020 | D39: TXKM | E39: 511.19 | F39: Peso do bloquete = (Área do calçamento x espessura do bloquete x massa específica) 1000 x km; Peso do meio-fio = {[(B+b)/2xhxH] x massa específica}/1000 x km; [(242,04x0,08x2400)/1000]x11 = 511,19 TXKM
A40: 2.1.6 | B40: COMPOSIÇÃO-001 | C40: VIGA EM CONCRETO ARMADO (1,0M) | D40: M | E40: 10.1 | F40: Somatório das vigas de travamento =10,10 m
C43: Sebastião Barbosa Pinto Filho
C44: CREA/MG Nº: MG 249.547/D
C48: Prefeito Municipal de Inhapim-MG
C49: Sandro Adriano Oliveira Silva

Sheet Cronograma
A2: CRONOGRAMA FÍSICO-FINANCEIRO
A3: ='Planilha Orcamentária'!A3 -> PREFEITURA MUNICIPAL DE INHAPIM-MG | C3: VALOR DO CONVÊNIO: | D3: =D21 -> 184625.19 | E3: DATA: | G3: 45855 | I3: FOLHA Nº:01/01
A4: ='Planilha Orcamentária'!A4 -> OBRA: PAVIMENTAÇÃO DAS RUAS 1 E RUA 2 QUE DÃO ACESSO A RUA MARIANA A. OLIVEIRA, VILA MARQUES | E4: PREVISÃO DE EXECUÇÃO DAS OBRAS: 3 MESES
A5: ='Planilha Orcamentária'!A5 -> LOCAL: CÓRREGO VILA MARQUES - INHAPIM/MG - CEP: 35330-000
A6: ITENS | B6: ETAPAS/DESCRIÇÃO | C6: FÍSICO/ FINANCEIRO | D6: TOTAL ETAPAS | E6: MÊS 1 | G6: MÊS 2 | I6: MÊS 3 | K6: MÊS 4
A7: 1.0 | B7: ='Planilha Orcamentária'!C10 -> RUA 01
A8: 1.1 | B8: ='Planilha Orcamentária'!C11 -> SERVIÇOS PRELIMINARES | C8: Físico % | D8: =D9/$D$21 -> 0.0077922738 | E8: 1
C9: Financeiro | D9: ='Planilha Orcamentária'!H11 -> 1438.65 | E9: =E8*$D$9 -> 1438.65
A10: 1.2 | B10: ='Planilha Orcamentária'!C13 -> REDE DE ESGOTO | C10: Físico % | D10: =D11/$D$21 -> 0.056831901 | E10: 1
C11: Financeiro | D11: ='Planilha Orcamentária'!H13 -> 10492.6 | E11: =E10*$D$11 -> 10492.6
A12: 1.3 | B12: ='Planilha Orcamentária'!C18 -> REDE PLUVIAL | C12: Físico % | D12: =D13/$D$21 -> 0.091201831 | E12: 1
C13: Financeiro | D13: ='Planilha Orcamentária'!H18 -> 16838.155 | E13: =E12*$D$13 -> 16838.155
A14: 1.4 | B14: ='Planilha Orcamentária'!C27 -> CALÇAMENTO DE VIA | C14: Físico % | D14: =D15/$D$21 -> 0.61784377 | E14: 0.5 | G14: 0.5
C15: Financeiro | D15: ='Planilha Orcamentária'!H27 -> 114069.52 | E15: =E14*$D$15 -> 57034.76 | G15: =G14*$D$15 -> 57034.76
A16: 2.0 | B16: ='Planilha Orcamentária'!C35 -> RUA 02 | K16: 0
K17: =K16*$D$17 -> 0
A18: 2.1 | B18: ='Planilha Orcamentária'!C36 -> CALÇAMENTO DE VIA | C18: Físico % | D18: =D19/$D$21 -> 0.22633023 | G18: 0.5 | I18: 0.5
C19: Financeiro | D19: ='Planilha Orcamentária'!H36 -> 41786.26 | G19: =G18*$D$19 -> 20893.13 | I19: =I18*$D$19 -> 20893.13
A20: TOTAL | C20: Físico % | D20: =D8+D10+D12+D14+D18 -> 1 | E20: =E21/$D$21 -> 0.46474789 | G20: =G21/$D$21 -> 0.422087 | I20: =I21/$D$21 -> 0.11316511 | K20: =K21/$D$21 -> 0
C21: Financeiro | D21: =D9+D11+D13+D15+D19 -> 184625.19 | E21: =E9+E11+E13+E15 -> 85804.165 | G21: =G15+G19 -> 77927.89 | I21: =I19 -> 20893.13 | K21: =K17 -> 0
I22: Observações:
B25: ='Memória de Cálculo'!C43 -> Sebastião Barbosa Pinto Filho | L25: =SUM(E20:J20) -> 1
B26: ='Memória de Cálculo'!C44 -> CREA/MG Nº: MG 249.547/D | L26: =SUM(E21:K21) -> 184625.19
B29: ='Memória de Cálculo'!C48 -> Prefeito Municipal de Inhapim-MG
B30: ='Memória de Cálculo'!C49 -> Sandro Adriano Oliveira Silva

Sheet Memorial Descritivo
A2: MEMORIAL DESCRITIVO
A3: PREFEITURA MUNICIPAL DE INHAPIM-MG
A4: ='Planilha Orcamentária'!A4 -> OBRA: PAVIMENTAÇÃO DAS RUAS 1 E RUA 2 QUE DÃO ACESSO A RUA MARIANA A. OLIVEIRA, VILA MARQUES | E4: FOLHA N º: | F4: 01/01.
A5: ='Planilha Orcamentária'!A5 -> LOCAL: CÓRREGO VILA MARQUES - INHAPIM/MG - CEP: 35330-000 | E5: DATA: | F5: 45855
A7: ITEM | B7: CÓDIGO | C7: DESCRIÇÃO | D7: DETALHAMENTO
A8: 1.0 | C8: RUA 01
A9: ='Planilha Orcamentária'!A11 -> 1.1 | C9: ='Planilha Orcamentária'!C11 -> SERVIÇOS PRELIMINARES
A10: ='Planilha Orcamentária'!A12 -> 1.1.1 | B10: ='Planilha Orcamentária'!B12 -> SINAPI-103689 | C10: ='Planilha Orcamentária'!C12 -> FORNECIMENTO E COLOCAÇÃO DE PLACA DE OBRA EM CHAPA GALVANIZADA #26, ESP. 0,45MM, DIMENSÃO (3X1,5)M, PLOTADA COM ADESIVO VINÍLICO, AFIXADA COM REBITES 4,8X40MM, EM ESTRUTURA METÁLICA DE METALON 20X20MM, ESP. 1,25MM, INCLUSIVE SUPORTE EM EUCALIPTO AUTOCLAVADO PINTADO COM TINTA PVA DUAS (2) DEMÃOS | D10: Para a execução da placa de obras a empresa ganhadora deverá atender a especificação do manual de placa de obra de acordo com a descrição e as especificações do CREA.
A11: 1.2 | C11: ='Planilha Orcamentária'!C27 -> CALÇAMENTO DE VIA
A12: ='Planilha Orcamentária'!A28 -> 1.4.1 | B12: ED-51124 | C12: REGULARIZAÇÃO E COMPACTAÇÃO MECÂNICA DE TERRENO COM ROLO VIBRATÓRIO, EXCLUSIVE DESMATAMENTO, DESTOCAMENTO, LIMPEZA/ROÇADA DO TERRENO | D12: Será realizada a regularização do subleito para nivelamento do solo e posteriormente a compactação do solo usando rolo vibratório para melhor coesão do solo.
A13: ='Planilha Orcamentária'!A30 -> 1.4.3 | B13: ='Planilha Orcamentária'!B30 -> SINAPI-94273 | C13: ='Planilha Orcamentária'!C30 -> ASSENTAMENTO DE GUIA (MEIO-FIO) EM TRECHO RETO, CONFECCIONADA EM CONCRETO PRÉ-FABRICADO, DIMENSÕES 100X15X13X30 CM (COMPRIMENTO X BASE INFERIOR X BASE SUPERIOR X ALTURA), PARA VIAS URBANAS (USO VIÁRIO). AF_06/2016 | D13: Serão locadas conforme projeto. Será realizada uma abertura de uma pequena vala de 15 cm de largura e profundidade, na qual, posteriormente serão posicionadas as guias, seguindo o alinhamento e nivelamento de projeto.
A14: ='Planilha Orcamentária'!A31 -> 1.4.4 | B14: ='Planilha Orcamentária'!B31 -> SINAPI-92394 | C14: ='Planilha Orcamentária'!C31 -> EXECUÇÃO DE PAVIMENTO EM PISO INTERTRAVADO, COM BLOCO SEXTAVADO DE 25 X 25 CM, ESPESSURA 8 CM. AF_10/2022 | D14: Sobre o leito da rua preparado, serão assentados os blocos de concreto sobre colchão de areia com espessura não inferior a 06cm. Após o assentamento serão rejuntados com pó de pedra ou areia e compactados com placa vibratória.
A15: ='Planilha Orcamentária'!A32 -> 1.4.5 | B15: ='Planilha Orcamentária'!B32 -> SINAPI-94287 | C15: ='Planilha Orcamentária'!C32 -> EXECUÇÃO DE SARJETA DE CONCRETO USINADO, MOLDADA IN LOCO EM TRECHO RETO, 30 CM BASE X 10 CM ALTURA. AF_06/2016 | D15: Serão construídas em concreto usinado e bombeado C= 20Mpa , medindo 20cm de largura e espessura de 10 cm, sobre o subleito já previamente preparado, respeitando a declividade do pavimento (i > ou = 3%), para o perfeito escoamento das águas.
A16: ='Planilha Orcamentária'!A33 -> 1.4.6 | B16: ='Planilha Orcamentária'!B33 -> SINAPI-95429 | C16: ='Planilha Orcamentária'!C33 -> TRANSPORTE COM CAMINHÃO BASCULANTE DE 18 M³, EM VIA URBANA EM REVESTIMENTO PRIMÁRIO. AF_07/2020 | D16: Este ítem compete ao transporte de bloquetes e meios-fios até o local da obra tendo em vista que o mesmo é distante de qualquer fábrica de pré moldado. Foi feita uma relação entre o peso dos materiais e a distância média até a fábrica mais próxima.
A17: ='Planilha Orcamentária'!A34 -> 1.4.7 | B17: ='Planilha Orcamentária'!B34 -> COMPOSIÇÃO-001 | C17: ='Planilha Orcamentária'!C34 -> VIGA EM CONCRETO ARMADO (1,0M) | D17: Será realizado todo o processo de escavação, armação das ferragens, montagem e desmontagem das formas e concretagem de acordo com as normas da NBR-6118.Irão abrir valas de 30 cm de profundidade e 15 de largura com o comprimento de meio-fio a meio-fio. Forma em tábuas de madeira para concreto armado, reaproveitamento 2x, incluso montagem e desmontagem. As formas deverão ser executadas em tábuas de madeira serrada de boa qualidade . As amarrações que atravessam as formas deverão ser feitas com espaçamento regular. A armadura não poderá ficar em contato direto com a fôrma, obedecendo-se para isso a distância mínima prevista na NBR-6118 e no projeto estrutural. Deverão ser empregados afastadores de armadura dos tipos "clips" plásticos ou pastilhas de argamassa.
A18: 1.2 | C18: RUA 02
A19: 1.2.1 | B19: ED-51124 | C19: REGULARIZAÇÃO E COMPACTAÇÃO MECÂNICA DE TERRENO COM ROLO VIBRATÓRIO, EXCLUSIVE DESMATAMENTO, DESTOCAMENTO, LIMPEZA/ROÇADA DO TERRENO | D19: Será realizada a regularização do subleito para nivelamento do solo e posteriormente a compactação do solo usando rolo vibratório para melhor coesão do solo.
A20: 1.2.2 | B20: ='Planilha Orcamentária'!B37 -> ED-51124 | C20: ='Planilha Orcamentária'!C37 -> REGULARIZAÇÃO E COMPACTAÇÃO MECÂNICA DE TERRENO COM ROLO VIBRATÓRIO, EXCLUSIVE DESMATAMENTO, DESTOCAMENTO, LIMPEZA/ROÇADA DO TERRENO | D20: Serão locadas conforme projeto. Será realizada uma abertura de uma pequena vala de 15 cm de largura e profundidade, na qual, posteriormente serão posicionadas as guias, seguindo o alinhamento e nivelamento de projeto.
A21: 1.2.3 | B21: ='Planilha Orcamentária'!B38 -> SINAPI-94273 | C21: ='Planilha Orcamentária'!C38 -> ASSENTAMENTO DE GUIA (MEIO-FIO) EM TRECHO RETO, CONFECCIONADA EM CONCRETO PRÉ-FABRICADO, DIMENSÕES 100X15X13X30 CM (COMPRIMENTO X BASE INFERIOR X BASE SUPERIOR X ALTURA), PARA VIAS URBANAS (USO VIÁRIO). AF_06/2016 | D21: Sobre o leito da rua preparado, serão assentados os blocos de concreto sobre colchão de areia com espessura não inferior a 06cm. Após o assentamento serão rejuntados com pó de pedra ou areia e compactados com placa vibratória.
A22: 1.2.4 | B22: ='Planilha Orcamentária'!B39 -> SINAPI-92394 | C22: ='Planilha Orcamentária'!C39 -> EXECUÇÃO DE PAVIMENTO EM PISO INTERTRAVADO, COM BLOCO SEXTAVADO DE 25 X 25 CM, ESPESSURA 8 CM. AF_10/2022 | D22: Serão construídas em concreto usinado e bombeado C= 20Mpa , medindo 20cm de largura e espessura de 10 cm, sobre o subleito já previamente preparado, respeitando a declividade do pavimento (i > ou = 3%), para o perfeito escoamento das águas.
A23: 1.2.5 | B23: ='Planilha Orcamentária'!B40 -> SINAPI-94287 | C23: ='Planilha Orcamentária'!C40 -> EXECUÇÃO DE SARJETA DE CONCRETO USINADO, MOLDADA IN LOCO EM TRECHO RETO, 30 CM BASE X 10 CM ALTURA. AF_06/2016 | D23: Este ítem compete ao transporte de bloquetes e meios-fios até o local da obra tendo em vista que o mesmo é distante de qualquer fábrica de pré moldado. Foi feita uma relação entre o peso dos materiais e a distância média até a fábrica mais próxima.
A24: 1.2.6 | B24: ='Planilha Orcamentária'!B41 -> SINAPI-95429 | C24: ='Planilha Orcamentária'!C41 -> TRANSPORTE COM CAMINHÃO BASCULANTE DE 18 M³, EM VIA URBANA EM REVESTIMENTO PRIMÁRIO. AF_07/2020 | D24: Será realizado todo o processo de escavação, armação das ferragens, montagem e desmontagem das formas e concretagem de acordo com as normas da NBR-6118.Irão abrir valas de 30 cm de profundidade e 15 de largura com o comprimento de meio-fio a meio-fio. Forma em tábuas de madeira para concreto armado, reaproveitamento 2x, incluso montagem e desmontagem. As formas deverão ser executadas em tábuas de madeira serrada de boa qualidade . As amarrações que atravessam as formas deverão ser feitas com espaçamento regular. A armadura não poderá ficar em contato direto com a fôrma, obedecendo-se para isso a distância mínima prevista na NBR-6118 e no projeto estrutural. Deverão ser empregados afastadores de armadura dos tipos "clips" plásticos ou pastilhas de argamassa.
C27: Nome do(a) Responsável Técnico(a)
C28: ='Planilha Orcamentária'!C46 -> Sebastião Barbosa Pinto Filho
C29: ='Planilha Orcamentária'!C47 -> CREA/MG Nº: MG 249.547/D
C34: Nome do(a) Prefeito(a) Municipal
C35: Márcio Elias de Lima e Santos

Sheet BDI
A4: ='Planilha Orcamentária'!A4 -> OBRA: PAVIMENTAÇÃO DAS RUAS 1 E RUA 2 QUE DÃO ACESSO A RUA MARIANA A. OLIVEIRA, VILA MARQUES
A5: ='Planilha Orcamentária'!A5 -> LOCAL: CÓRREGO VILA MARQUES - INHAPIM/MG - CEP: 35330-000
A6: MUNICIPIO: INHAPIM/MG - CEP: 35330-000
A7: DATA: | B7: 45855
B9: DETALHAMENTO DE BDI
B11: ITEM COMPONENTE DO BDI | D11: %
B12: Administração Central | C12: AC | D12: 4.67 | H12: 0.038
B13: Seguro e Garantia | C13: SG | D13: 1.71 | H13: 0.0032
B14: Risco | C14: R | D14: 0.97 | H14: 0.005
B15: Despesas Financeiras | C15: DF | D15: 1 | H15: 0.0102
B16: Lucro | C16: L | D16: 7.53 | H16: 0.0664
B17: Tibutos ( Impostos COFINS, 3% E PIS 0,65) | C17: CP | D17: 7.15 | H17: 0.0365
B18: Tributos (ISS, variável de acordo com o município) | C18: ISS | D18: 3.5 | H18: 0.025
B19: Tributos (Contribuição Previdenciária - 0% ou 4,5%, conforme Lei 12.844/2013 - Desoneração) | C19: CPRB | D19: 0 | H19: 0
A23: BDI = [((1+AC + DF+RE+GA)*(1+DF)*(1+L)) /(1-CP-ISS-CPRB)]-1
C25: BDI= | D25: 0.20090303
C28: BDI = | D28: 0.2443
A39: ___________________________ Sebastião Barbosa Pinto Filho Engenheiro Civil Crea-MG 249.547/D
